Map: Jagannatha LE

Players

ShaDoWn

  • Race: Protoss Protoss

Hellraiser - Winner!

  • Race: Protoss Protoss

Event: DreamHack SC2 Masters 2021 Fall

VOD

Have the link to the VOD?

Description

Time

  • Played on: Aug. 1, 2021, 2:25 p.m.
  • Length: 12:33

All games in this series

Show
View Real Time Build Order
Export as new Build Order

ShaDoWn Protoss 

Build Orders: Phoenix Opening 

Get SALT Encoding   

  12  0:00  Probe  
  13  0:12  Probe  
  14  0:17  Pylon  
  14  0:24  Probe (Chrono Boost)  
  15  0:37  Gateway, Probe (Chrono Boost)  
  16  0:45  Probe (Chrono Boost)  
  16  0:48  Assimilator  
  17  0:51  Probe  
  17  0:55  Assimilator  
  18  1:03  Probe (Chrono Boost)  
  19  1:08  Gateway  
  19  1:15  Probe (Chrono Boost)  
  20  1:20  Probe (Chrono Boost)  
  21  1:26  Cybernetics Core  
  21  1:29  Probe  
  22  1:40  Pylon  
  22  1:41  Probe  
  23  1:58  Probe  
  24  2:02  Stalker, Warp Gate  
  24  2:07  Sentry  
  28  2:15  Pylon  
  28  2:31  Pylon  
  28  2:34  Stalker  
  29  2:41  Phoenix  
  29  2:42  Nexus  
  29  2:45  Sentry  
  29  2:47  Probe  
  32  2:54  Shield Battery  
  32  2:59  Probe  
  32  3:04  Sentry  
  35  3:11  Pylon, Probe  
  36  3:23  Probe (Chrono Boost)  
  36  3:26  Twilight Council  
  37  3:35  Probe (Chrono Boost)  
  37  3:38  Pylon  
  38  3:43  Probe (Chrono Boost)  
  39  3:50  Pylon, Probe  
  39  3:55  Stalker x2  
  44  3:57  Probe  
  44  4:02  Probe  
  46  4:04  Pylon, Blink (Chrono Boost)  
  46  4:11  Probe  
  46  4:14  Probe  
  48  4:21  Stalker  
  48  4:23  Probe  
  48  4:28  Probe  
  48  4:36  Probe  
  49  4:40  Probe  
  50  4:48  Probe  
  50  4:52  Stalker x2, Probe  
  56  5:00  Pylon, Probe  
  56  5:05  Probe  
  58  5:13  Nexus  
  58  5:15  Probe  
  58  5:17  Probe (Chrono Boost)  
  60  5:24  Stalker  
  60  5:25  Stalker  
  60  5:27  Probe (Chrono Boost)  
  65  5:32  Pylon  
  66  5:37  Shield Battery, Probe (Chrono Boost)  
  66  5:39  Probe (Chrono Boost)  
  67  5:44  Assimilator  
  67  5:45  Probe  
  68  5:51  Stalker x2, Probe  
  73  5:57  Probe  
  73  6:03  Probe  
  75  6:08  Pylon  
  75  6:09  Probe  
  76  6:14  Forge, Stalker  
  78  6:22  Stalker  
  78  6:25  Probe x2  
  80  6:29  Probe  
  77  6:37  Probe x2  
  79  6:41  Stalker, Probe  
  82  6:49  Probe x2  
  82  6:53  Probe  
  79  6:57  Protoss Ground Weapons Level 1 (Chrono Boost)  
  79  6:59  Stalker  
  73  7:01  Probe x2  
  73  7:05  Probe  
  73  7:07  Stalker  
  78  7:09  Shield Battery  
  78  7:10  Charge (Chrono Boost)  
  78  7:13  Probe x2  
  80  7:16  Gateway  
  80  7:18  Gateway  
  80  7:25  Sentry  
  80  7:29  Assimilator x2  
  83  7:32  Stalker  
  83  7:34  Robotics Facility  
  83  7:37  Gateway  
  84  7:39  Gateway  
  84  7:43  Gateway  
  84  7:46  Shield Battery  
  84  7:50  Stalker  
  80  7:55  Probe x2  
  80  7:57  Stalker  
  84  7:59  Probe  
  83  8:11  Stalker  
  76  8:12  Probe  
  76  8:13  Stalker  
  76  8:14  Stalker  
  76  8:18  Probe x2, Immortal (Chrono Boost)  
  73  8:25  Probe  
  78  8:27  Stalker  
  78  8:29  Shield Battery  
  78  8:34  Pylon  
  80  8:35  Stalker x3  
  80  8:37  Zealot  
  80  8:38  Zealot x2  
  78  8:51  Stalker  
  74  8:58  Stalker x3  
  74  9:00  Zealot x2  
  82  9:08  Protoss Ground Weapons Level 2 (Chrono Boost), Probe x2  
  84  9:13  Zealot  
  86  9:20  Zealot  
  86  9:21  Sentry, Zealot x2  
  94  9:26  Nexus  
  94  9:32  Zealot x2  
  98  9:43  Zealot x4  
  106  9:48  Templar Archives  
  106  9:49  Zealot  
  108  9:52  Pylon  
  108  10:08  Pylon  
  108  10:10  Pylon  
  108  10:14  Gateway  
  108  10:15  Zealot x4  
  108  10:17  Observer, Gateway  
  117  10:26  Pylon  
  117  10:28  High Templar x2  
  119  10:29  Zealot  
  119  10:30  Probe x2  
  119  10:31  Probe  
  119  10:32  Archon  
  119  10:33  Pylon  
  124  10:35  Zealot x2  
  124  10:36  Zealot  
  124  10:39  Probe  
  131  10:43  Probe x3 (Chrono Boost)  
  132  10:50  High Templar x2  
  132  10:54  Assimilator  
  132  10:55  Assimilator, Probe x4 (Chrono Boost)  
  136  11:03  Probe (Chrono Boost)  
  138  11:05  Robotics Facility, Probe (Chrono Boost), Archon  
  138  11:07  Shield Battery  
  138  11:10  Probe, Robotics Bay  
  138  11:13  Zealot  
  138  11:17  High Templar x2  
  138  11:18  Zealot x4  
  149  11:26  Archon  
  149  11:32  Zealot x2  
  153  11:33  Photon Cannon x2  
  153  11:37  Pylon  
  153  11:45  Zealot x5  
  153  11:51  Zealot x2  
  153  11:53  Probe  
  138  11:56  Disruptor x2  
  138  11:59  Stalker x2  
  131  12:06  Zealot x5  
  119  12:11  Zealot x2  
  93  12:24  Zealot x2  
Show
View Real Time Build Order
Export as new Build Order

Hellraiser Protoss - Winner!

Build Orders: Oracle Opening 

Get SALT Encoding   

  12  0:00  Probe  
  13  0:12  Probe  
  14  0:17  Pylon  
  14  0:24  Probe (Chrono Boost)  
  15  0:36  Probe (Chrono Boost)  
  15  0:37  Gateway  
  16  0:44  Probe (Chrono Boost)  
  16  0:46  Assimilator  
  17  0:50  Probe  
  17  0:55  Assimilator  
  18  1:03  Probe (Chrono Boost)  
  19  1:08  Gateway  
  19  1:13  Probe (Chrono Boost)  
  19  1:18  Probe  
  21  1:26  Cybernetics Core  
  21  1:30  Probe  
  22  1:37  Pylon  
  22  1:42  Probe  
  23  1:55  Probe  
  24  2:02  Stalker x2, Warp Gate  
  28  2:10  Pylon  
  28  2:31  Stargate  
  28  2:33  Adept  
  28  2:34  Adept  
  32  3:00  Nexus  
  32  3:08  Probe  
  32  3:11  Oracle (Chrono Boost)  
  36  3:21  Pylon  
  36  3:22  Probe  
  37  3:34  Probe  
  37  3:38  Twilight Council  
  38  3:46  Probe (Chrono Boost)  
  39  3:56  Sentry, Stalker  
  39  3:58  Probe (Chrono Boost)  
  44  4:04  Probe (Chrono Boost)  
  44  4:08  Forge  
  45  4:11  Probe (Chrono Boost)  
  47  4:19  Probe (Chrono Boost)  
  47  4:21  Probe (Chrono Boost)  
  48  4:26  Blink, Probe (Chrono Boost)  
  48  4:30  Probe (Chrono Boost)  
  46  4:38  Probe (Chrono Boost)  
  47  4:40  Protoss Ground Weapons Level 1  
  47  4:43  Probe (Chrono Boost)  
  47  4:44  Probe (Chrono Boost)  
  49  4:48  Photon Cannon  
  49  4:51  Probe  
  49  4:52  Probe  
  50  4:53  Stalker  
  50  4:56  Stalker  
  55  5:05  Gateway  
  56  5:07  Probe  
  56  5:08  Shield Battery, Probe  
  57  5:21  Probe  
  58  5:23  Stalker x2  
  62  5:30  Nexus  
  62  5:38  Pylon  
  62  5:41  Gateway  
  62  5:55  Pylon  
  62  5:56  Stalker x2, Probe  
  62  5:57  Pylon, Probe  
  67  6:03  Shield Battery  
  68  6:07  Stalker  
  70  6:13  Probe x2  
  72  6:20  Stalker  
  72  6:21  Stalker  
  72  6:25  Probe x2  
  76  6:32  Stalker  
  76  6:35  Assimilator  
  76  6:36  Pylon  
  76  6:39  Assimilator  
  76  6:42  Stalker  
  78  6:48  Stalker x2  
  79  6:56  Probe  
  79  6:58  Probe  
  79  7:00  Probe  
  78  7:04  Stalker  
  78  7:05  Stalker  
  78  7:08  Gateway  
  82  7:09  Gateway  
  82  7:10  Stalker x2  
  82  7:11  Probe (Chrono Boost)  
  82  7:13  Probe (Chrono Boost)  
  89  7:16  Probe (Chrono Boost)  
  89  7:19  Pylon  
  91  7:23  Probe (Chrono Boost)  
  91  7:24  Protoss Ground Weapons Level 2 (Chrono Boost), Probe (Chrono Boost)  
  91  7:26  Probe (Chrono Boost)  
  91  7:28  Probe (Chrono Boost)  
  93  7:32  Probe  
  93  7:36  Probe  
  95  7:39  Probe  
  94  7:45  Probe  
  94  7:48  Probe  
  94  7:51  Stalker x4, Probe  
  104  7:55  Photon Cannon  
  104  7:56  Robotics Facility  
  105  8:02  Probe  
  105  8:03  Probe  
  105  8:04  Probe  
  109  8:20  Pylon x2  
  109  8:21  Assimilator, Pylon  
  109  8:23  Assimilator  
  109  8:24  Charge  
  106  8:31  Nexus  
  106  8:33  Photon Cannon  
  102  8:43  Probe  
  102  8:48  Probe  
  100  8:50  Stalker x4  
  100  8:51  Stalker x2  
  100  8:52  Observer (Chrono Boost)  
  100  8:53  Probe  
  106  9:04  Gateway  
  106  9:05  Gateway  
  106  9:09  Pylon  
  104  9:14  Templar Archives  
  104  9:15  Probe x2  
  104  9:16  Probe  
  107  9:20  Shield Battery  
  107  9:25  Photon Cannon, Gateway  
  107  9:27  Sentry  
  107  9:28  Gateway, Zealot x2  
  107  9:29  Pylon  
  113  9:32  Probe  
  113  9:33  Probe x2  
  116  9:50  High Templar x4  
  116  9:51  Zealot x2  
  128  9:55  Shield Battery, Archon x2  
  128  9:56  Observer (Chrono Boost)  
  128  9:57  Photon Cannon, Probe x3  
  128  9:59  Assimilator  
  132  10:01  Pylon  
  132  10:05  Zealot x2  
  136  10:14  Warp Prism (Chrono Boost)  
  136  10:17  Assimilator  
  136  10:18  High Templar x2  
  142  10:22  Pylon  
  142  10:24  Archon  
  142  10:26  Zealot x3  
  142  10:27  Zealot x5  
  157  10:43  Nexus  
  148  10:50  Probe  
  148  10:53  High Templar x2  
  148  10:54  Zealot x6, Probe  
  166  10:58  Archon, Probe  
  166  10:59  Probe  
  166  11:02  Probe  
  169  11:06  Probe  
  169  11:07  Probe  
  169  11:08  Photon Cannon  
  169  11:11  Probe  
  172  11:15  Pylon  
  172  11:31  Pylon  
  172  11:33  Pylon x2  
  172  11:34  High Templar x2  
  172  11:35  Pylon  
  172  11:36  Pylon, High Templar x2  
  180  11:40  Archon x2  
  180  11:41  Photon Cannon  
  180  11:42  Photon Cannon  
  180  11:43  Shield Battery  
  170  11:53  Zealot x6  
  148  12:04  Probe  
  139  12:09  Zealot x4  
  139  12:13  Zealot x6  
  136  12:29  Robotics Bay  

Tags
 
Add a new tag
Caveats
  • Supply blocks, unpowered buildings, or Contaminate may cause inaccurate times.
  • Supply counts are checked every 10 seconds.